 Dungeon Crawl Stone Soup version 0.19.4 (webtiles) character file.

86 vatarom the Insei (level 4, -1/42 HPs)
             Began as an Octopode Transmuter on Feb 3, 2017.
             Succumbed to a goblin's poison
             ... on level 2 of the Dungeon.
             The game lasted 00:04:36 (2294 turns).

vatarom the Insei (Octopode Transmuter)             Turns: 2294, Time: 00:04:36

Health: -1/42      AC: 22    Str:  9    XL:     4   Next: 50%
Magic:  8/8        EV:  2    Int: 15    God:
Gold:   92         SH:  0    Dex: 13    Spells: 3 memorised, 2 levels left

rFire  + . .     SeeInvis +       - Unarmed
rCold  + . .     Gourm    +     (no shield)
rNeg   + + +     Faith    .     (helmet currently unavailable)
rPois  +         Spirit   .     g - amulet of the gourmand
rElec  +         Reflect  .     f - ring of see invisible
rCorr  +         Harm     .     (no ring)
MR     .....     NoTele   +     (no ring)
Stlth  +.........               (no ring)
                                (no ring)
                                (no ring)
                                (no ring)
                                (no ring)

@: lethally poisoned (-1 -> -31), tree-form, resistant
A: almost no armour, stealthy swim, (amphibious), 8 rings, (constrict 8),
(camouflage 0), (gelatinous body 0)
a: no special abilities


You were on level 2 of the Dungeon.
You were very full.
You were a tree.
You visited 1 branch of the dungeon, and saw 3 of its levels.

You collected 92 gold pieces.

Inventory:

Missiles
 a - 39 arrows
Jewellery
 f - a ring of see invisible (left branch)
 g - an amulet of the gourmand (around neck)
Scrolls
 d - 2 scrolls of amnesia
 n - a scroll of identify {unknown}
Potions
 e - a potion of agility
Books
 b - a book of Changes

   Spells                             Type                      Level
   a - Beastly Appendage              Transmutation                1
   b - Sticks to Snakes               Transmutation                2
   c - Spider Form                    Transmutation/Poison         3
   d - Ice Form                       Ice/Transmutation            4
   e - Blade Hands                    Transmutation                5
Comestibles
 c - 3 bread rations
 h - a slice of pizza
 i - 2 meat rations
 j - a beef jerky
 k - a royal jelly


   Skills:
 - Level 1.0 Fighting
 - Level 2.0 Dodging
 * Level 4.0 Unarmed Combat
 + Level 2.9 Spellcasting
 + Level 2.8 Transmutations


You had 2 spell levels left.
You knew the following spells:

 Your Spells              Type           Power        Failure   Level  Hunger
a - Beastly Appendage     Tmut           ##....       8%          1    #......
b - Sticks to Snakes      Tmut           ##......     12%         2    ##.....
c - Spider Form           Tmut/Pois      #.........   34%         3    ###....


Dungeon Overview and Level Annotations

Branches:
Dungeon (3/15)

Altars:
Zin

Annotations:
D:3 Robin


Innate Abilities, Weirdness & Mutations

You cannot wear most types of armour.
You are very stealthy in the water. (Stealth+)
((You are amphibious.))
You can wear up to eight rings at the same time.
((You can use your tentacles to constrict eight enemies at once.))
((Your skin changes colour to match your surroundings (Stealth+).))
((Your rubbery body absorbs attacks. (AC +1, EV +1)))


Message History

You turn into a tree.
Your roots penetrate the ground.
* * * LOW HITPOINT WARNING * * *
You feel sick. The goblin hits you but does no damage.
You are more poisoned.
The goblin hits you but does no damage.
Okay, then.
You feel protected.
* * * LOW HITPOINT WARNING * * *
You feel sick. The goblin hits you but does no damage.
You are more poisoned.
The goblin hits you but does no damage.
You hit the goblin.
You kill the goblin!
* * * LOW HITPOINT WARNING * * *
You feel very sick.
The goblin hits you with a dagger of venom.
* * * LOW HITPOINT WARNING * * *
You cannot move.
You barely miss the goblin.
You die...

#.# #####.......#.##......#
#(# #.....#.#.##.####.#
#.######## #.##..#.#.##.#....#
#.##.....# #.......)....#.....
#.##.....# #..........######.#
#.##.....####.##.............#
#.##...............(#.########
#.............g...#.#.#
#############♣#####.#.# #.#
#.#.# #.# #(#.# #[# #.#.#
#.#####.#.# #.......#.## ####
#..........####...
##..)..#......'...
#.....#...####...


You could see a goblin.

Vanquished Creatures
  2 oozes (D:2)
  A leopard gecko (D:1)
  An orc (D:3)
  14 giant cockroaches
  11 goblins
  4 hobgoblins
  2 ball pythons
  10 bats
  4 frilled lizards (D:1)
  5 kobolds
  5 rats
59 creatures vanquished.

Vanquished Creatures (collateral kills)
  2 gnolls (D:3)
  A bat (D:2)
3 creatures vanquished.

Grand Total: 62 creatures vanquished

Notes
Turn   | Place    | Note
-------+----------+-------------------------------------------
     0 | D:1      | vatarom the Octopode Transmuter began the quest for the Orb.
     0 | D:1      | Reached XP level 1. HP: 13/13 MP: 3/3
   121 | D:1      | Reached XP level 2. HP: 18/18 MP: 5/5
   129 | D:1      | Learned a level 2 spell: Sticks to Snakes
   791 | D:2      | Reached XP level 3. HP: 22/23 MP: 6/6
   918 | D:2      | Learned a level 3 spell: Spider Form
  1602 | D:2      | Reached XP level 4. HP: 24/28 MP: 5/8
  1756 | D:2      | Found a glowing silver altar of Zin.
  2037 | D:3      | Reached skill level 4 in Unarmed Combat
  2276 | D:3      | Noticed Robin
  2293 | D:2      | HP: 1/42 [goblin/dagger of venom[Robin] (3)]
  2294 | D:2      | Succumbed to a goblin's poison

Skill      XL: |  1  2  3  4 |
---------------+-------------+-----
Unarmed Combat | 4 |  4.0
Fighting       | |  1.0
Dodging        | |  2.0
Spellcasting   | |  2.9
Transmutations | |  2.8

Action                   |  1- 3 |  4- 6 || total
-------------------------+-------+-------++-------
Melee: Unarmed           |    86 |    27 ||   113
       Constrict         |    21 |     7 ||    28
       Kick              |    13 |       ||    13
       Tentacles         |    13 |     1 ||    14
       Punch             |     1 |     1 ||     2
 Cast: Beastly Appendage |     7 |       ||     7
       Sticks to Snakes  |     1 |     4 ||     5
  Use: Potion            |     5 |     2 ||     7
       Scroll            |     4 |       ||     4
 Stab: Sleeping          |     9 |     2 ||    11
  Eat: Chunk             |    12 |     2 ||    14
Armor: Skin              |     9 |    12 ||    21
Dodge: Dodged            |    49 |    25 ||    74
